 Dungeon Crawl Stone Soup version 0.19.4-8-ga85b6b9 (webtiles) character file.

139 vatarom the Covered (level 5, -1/41 HPs)
             Began as a Demonspawn Fighter on Feb 12, 2017.
             Slain by a gnoll
             ... wielding a +0 halberd
              (9 damage)
             ... on level 3 of the Dungeon.
             The game lasted 00:03:38 (1679 turns).

vatarom the Covered (Demonspawn Fighter)            Turns: 1679, Time: 00:03:39

Health: -1/41      AC: 11    Str: 16    XL:     5   Next: 1%
Magic:  5/5        EV:  4    Int: 12    God:
Gold:   74         SH:  9    Dex: 13    Spells: 0 memorised, 4 levels left

rFire  + . .     SeeInvis .     a - +0 war axe
rCold  . . .     Gourm    .     d - +2 chain mail {rF+}
rNeg   . . .     Faith    .     c - +0 shield
rPois  .         Spirit   .     (helmet restricted)
rElec  .         Reflect  .     (no cloak)
rCorr  .         Harm     .     (no gloves)
MR     .....                    (no boots)
Stlth  ..........               (no amulet)
                                (no ring)
                                h - +2 ring of intelligence

@: no status effects
A: horns 1, powered by death 1
a: no special abilities


You were on level 3 of the Dungeon.
You were not hungry.

You visited 1 branch of the dungeon, and saw 3 of its levels.

You collected 74 gold pieces.

Inventory:

Hand Weapons
 a - a +0 war axe (weapon)
Armour
 c - a +0 shield (worn)
 d - a +2 chain mail of fire resistance (worn)
Jewellery
 h - a +2 ring of intelligence (left hand)
 j - an uncursed amulet of faith
Wands
 e - a wand of teleportation (4/9)
 n - a wand of flame (28/48)
Scrolls
 k - 2 scrolls of identify
Comestibles
 i - a royal jelly
 m - a meat ration


   Skills:
 - Level 3.0 Fighting
 - Level 2.6 Axes
 * Level 4.0 Armour
 * Level 3.7 Shields


You had 4 spell levels left.
You didn't know any spells.

Dungeon Overview and Level Annotations

Branches:
Dungeon (3/15)

Altars:
Fedhas
Kikubaaqudgha
Nemelex Xobeh
Vehumet


Innate Abilities, Weirdness & Mutations

You have a pair of small horns on your head.
You regenerate a little health from kills.


Message History

The gnoll hits you with a spear.
You barely miss the gnoll.
The gnoll is severely wounded.
You block the gnoll's attack.
The gnoll hits you from afar with a halberd.
You slash the gnoll!
You kill the gnoll!
Your Armour skill increases to level 4!
You have reached level 5!
Your demonic ancestry asserts itself...
A pair of horns grows on your head!
The gnoll hits you from afar with a halberd!
The gnoll hits you with a halberd!
* * * LOW HITPOINT WARNING * * *
Things that are here:
a spear; a gnoll corpse You hit the gnoll.
Your headbutt misses the gnoll.
The gnoll is heavily wounded.
The gnoll hits you with a halberd!
You die...

#.......# ....# #.....<.#
....#######.##### #......# #.#
........#......# #.#
........##.....###.# ......#
#.....#<..# ##
##.....###.....#.### ####.
#.......##@....#.########
.....##........g...............
......#.g.....#..##############
.......gg....###.#
.....<.##...## #.#
.......####.g# ###
.......#..g..#...
.................#
.................#


You could see a gnoll.

Vanquished Creatures
  Terence (D:2)
  Ijyb (D:2)
  2 gnolls
  2 oozes (D:2)
  3 dart slugs
  3 leopard geckos (D:2)
  An orc (D:2)
  4 bats (D:2)
  3 giant cockroaches (D:2)
  5 goblins
  6 hobgoblins
  6 jackals (D:1)
  5 frilled lizards
  3 kobolds
  5 rats
50 creatures vanquished.

Notes
Turn   | Place    | Note
-------+----------+-------------------------------------------
     0 | D:1      | vatarom the Demonspawn Fighter began the quest for the Orb.
     0 | D:1      | Reached XP level 1. HP: 18/18 MP: 1/1
    39 | D:1      | You fall through a shaft!
    78 | D:2      | Gained mutation: You regenerate a little health from kills. [demonic ancestry]
    78 | D:2      | Reached XP level 2. HP: 16/24 MP: 2/2
   389 | D:1      | Reached skill level 3 in Armour
   389 | D:1      | Reached XP level 3. HP: 25/29 MP: 3/3
   859 | D:2      | Noticed Ijyb
   866 | D:2      | Killed Ijyb
   866 | D:2      | Reached XP level 4. HP: 34/35 MP: 4/4
   992 | D:2      | Found a radiant altar of Vehumet.
  1095 | D:2      | Found a sparkling altar of Nemelex Xobeh.
  1157 | D:2      | Found an ancient bone altar of Kikubaaqudgha.
  1159 | D:2      | Found a blossoming altar of Fedhas.
  1363 | D:3      | Noticed Terence
  1406 | D:2      | Killed Terence
  1677 | D:3      | Reached skill level 4 in Armour
  1677 | D:3      | Gained mutation: You have a pair of small horns on your head. [demonic ancestry]
  1677 | D:3      | Reached XP level 5. HP: 23/41 MP: 5/5
  1679 | D:3      | Slain by a gnoll

Skill      XL: |  1  2  3  4 |
---------------+-------------+-----
Axes           | 2 |  2.6
Armour         | 3 4 |  4.0
Shields        | 3 |  3.7
Fighting       | |  3.0

Action                   |  1- 3 |  4- 6 || total
-------------------------+-------+-------++-------
Melee: War axe           |    82 |    84 ||   166
  Use: Potion            |     2 |     3 ||     5
       Scroll            |       |     2 ||     2
  Eat: Bread ration      |       |     1 ||     1
       Chunk             |       |     1 ||     1
Armor: Scale mail        |    48 |    45 ||    93
       Chain mail        |       |     3 ||     3
Dodge: Dodged            |    21 |    23 ||    44
Block: Shield            |    39 |    58 ||    97
